 Dungeon Crawl Stone Soup version 0.27-a0-512-g57cc695410 (webtiles) character file.

Game seed: 11640767600303874908

1257 tilp the Insei (level 8, -1/56 HPs)
             Began as an Octopode Transmuter on Mar 3, 2021.
             Slain by an ice beast (12 damage)
             ... on level 5 of the Dungeon.
             The game lasted 00:10:15 (7279 turns).

tilp the Insei (Octopode Transmuter)                Turns: 7279, Time: 00:10:16

Health: -1/56      AC:  1    Str: 10    XL:     8   Next: 51%
Magic:  0/11       EV: 14    Int: 17    God:
Gold:   169        SH:  0    Dex: 12    Spells: 8/11 levels left

rFire    . . .     SeeInvis .     - Unarmed
rCold    . . .     Faith    .   (no shield)
rNeg     . . .     Spirit   +   (helmet currently unavailable)
rPois    .         Reflect  .   q - amulet of guardian spirit
rElec    .         Harm     .   f - ring of flight
rCorr    .         Rampage  .   (no ring)
Will     .....                  (no ring)
Stlth    +++.......             (no ring)
HPRegen  0.18/turn              (no ring)
MPRegen  0.12/turn              (no ring)
                                (no ring)
                                (no ring)

@: appendages (expiring)
A: almost no armour, stealthy swim, amphibious, 8 rings, constrict 8, tentacle
spike 3, camouflage 1, gelatinous body 1
a: End Transformation, Evoke Flight


You were on level 5 of the Dungeon.
One of your tentacles had a temporary spike.
You visited 2 branches of the dungeon, and saw 6 of its levels.

You collected 169 gold pieces.

Inventory:

Missiles
 b - 242 stones
 g - 2 javelins (quivered)
 s - 5 atropa-tipped darts
Jewellery
 f - a ring of flight (left tentacle)
 q - an amulet of guardian spirit (around mantle)
Wands
 p - a wand of iceblast (8)
Scrolls
 a - a scroll of fear {unknown}
 e - 2 scrolls of magic mapping {unknown}
 h - a scroll of immolation {unknown}
 j - a scroll of blinking
 k - a scroll of noise {unknown}
 l - a scroll of amnesia
 m - a scroll of teleportation {unknown}
 o - 3 scrolls of identify
 r - a scroll of fog {unknown}
Potions
 c - 5 potions of curing
 d - 2 potions of berserk rage
 i - a potion of attraction
 n - a potion of brilliance


   Skills:
 + Level 5.6 Fighting
 + Level 4.3 Dodging
 - Level 4.0 Stealth
 + Level 7.2 Unarmed Combat
 - Level 2.0 Spellcasting
 - Level 2.0 Transmutations


You had 8 spell levels left.
You knew the following spells:

 Your Spells              Type           Power        Failure   Level
a - Beastly Appendage     Tmut           16%          9%          1
b - Wereblood             Tmut           8%           13%         2

Your spell library contained the following spells:

 Spells                   Type           Power        Failure   Level
 Spider Form              Tmut/Pois      2%           36%         3
 Ice Form                 Ice/Tmut       5%           77%         4
 Blade Hands              Tmut           4%           93%         5


Dungeon Overview and Level Annotations

Branches:
Dungeon (5/15)             Temple (1/1) D:4

Altars:
Ashenzari
Cheibriados
Dithmenos
Elyvilon
Gozag
Hepliaklqana
Kikubaaqudgha
Makhleb
Qazlal
Ru
Sif Muna
Trog
Uskayaw
Vehumet
Wu Jian
Xom
Yredelemnul
Zin
The Shining One

Annotations:
D:1 dig vault ($)
D:2 Sigmund
D:4 Dowan, Duvessa, Ijyb
D:5 exclusions: ogre and sky beast


Innate Abilities, Weirdness & Mutations

You cannot wear most types of armour.
You are very stealthy in the water. (Stealth+)
You are amphibious.
You can wear up to eight rings at the same time.
You can use your tentacles to constrict eight enemies at once.
Your skin changes colour to match your surroundings (Stealth+).
Your rubbery body absorbs attacks. (AC +1, EV +1)
One of your tentacles bears a large vicious spike.


Message History

Throw: 4 javelins
Press: ? - help, Q - select action, (/) - cycle Shift-Dir - straight line, f - ice beast
Aim: an ice beast (59% to hit)
You throw a javelin.
The javelin pierces through the ice beast but does no damage.
Your transformation is almost over.
Throw: 3 javelins
Press: ? - help, Q - select action, (/) - cycle Shift-Dir - straight line, f/p - ice beast
Aim: an ice beast (59% to hit)
You throw a javelin.
The javelin closely misses the ice beast.
The ice beast hits you. The ice beast freezes you!
You bludgeon the ice beast!
Your tentacle spike misses the ice beast.
Your tentacle-slap misses the ice beast.
The ice beast is moderately wounded.
The ice beast closely misses you.
You closely miss the ice beast.
Your tentacle spike misses the ice beast.
You squeeze the ice beast.
The ice beast is moderately wounded.
The ice beast hits you but does no damage.
You closely miss the ice beast.
You pierce the ice beast.
The ice beast is heavily wounded.
The ice beast hits you. The ice beast freezes you!
You tentacle-slap the ice beast.
The ice beast is heavily wounded.
The ice beast hits you. The ice beast freezes you!
* * * LOW HITPOINT WARNING * * *
You tentacle-slap the ice beast.
The ice beast is severely wounded.
The ice beast hits you.
* * * LOW HITPOINT WARNING * * *
The ice beast freezes you!
* * * LOW HITPOINT WARNING * * *
Unknown command.
You feel better. The ice beast hits you.
* * * LOW HITPOINT WARNING * * *
The ice beast freezes you!
You die...

#.# #......##.........# #.#
#.#....##.###.###.# #.#
#.##.#.##.# #.# #.# #.#
#....(.##.# #.###.# #.#
####.####.# #.....# #######.#
##'## #.# ####..# #.......#
##...###.######..# #####......##
##Y....##.........# #..........#
##.@.....#.........#
#.....###..###.[........###)...##
#..##.###....'.................##
#..#...##...##..........###...#.#
....._......###.......#.(......##
..##...#..### ##.....######.####
..###.##..#######...## #.#
..###.....#.........# #.#
..........#..#####..# #.#


You could see an ice beast.

Vanquished Creatures
  Pikel (D:5)
  2 centaurs (D:5)
  A howler monkey (D:4)
  A centaur zombie (D:4)
  A bullfrog skeleton (D:4)
  A hound (D:4)
  A centaur skeleton (D:4)
  An iguana (D:5)
  Natasha (twice) (D:4)
  A worker ant (D:4)
  A killer bee zombie (D:2)
  A hound zombie (D:4)
  A worker ant zombie (D:4)
  11 gnolls
  8 adders
  A shadow imp (D:5)
  A white imp (D:5)
  2 ufetubi (D:5)
  An ooze (D:3)
  2 adder skeletons
  An adder zombie (D:4)
  5 worms
  3 dart slugs
  2 leopard geckos
  6 orcs
  A ball python (D:3)
  4 giant cockroaches
  7 goblins
  10 hobgoblins
  6 jackals
  9 kobolds
  3 quokkas
  9 bats
  4 frilled lizards
  A giant cockroach zombie (D:4)
  A leopard gecko zombie (D:4)
  10 rats
123 creatures vanquished.

Vanquished Creatures (others)
  A withered plant (D:4)
1 creature vanquished.

Grand Total: 124 creatures vanquished

Notes
Turn   | Place    | Note
-------+----------+-------------------------------------------
     0 | D:1      | tilp the Octopode Transmuter began the quest for the Orb.
     0 | D:1      | Reached XP level 1. HP: 13/13 MP: 3/3
    21 | D:1      | Reached skill level 1 in Stealth
    91 | D:1      | Reached XP level 2. HP: 18/18 MP: 5/5
   291 | D:1      | Learned a level 2 spell: Wereblood
   578 | D:1      | Reached XP level 3. HP: 23/23 MP: 6/6
  1260 | D:2      | Reached XP level 4. HP: 29/29 MP: 3/7
  1831 | D:2      | Reached XP level 5. HP: 35/35 MP: 8/8
  1880 | D:2      | Reached skill level 4 in Unarmed Combat
  2048 | D:2      | Noticed Sigmund
  2819 | D:3      | Reached XP level 6. HP: 17/42 MP: 7/9
  3341 | D:3      | Found an ancient bone altar of Kikubaaqudgha.
  3732 | D:4      | Reached skill level 5 in Unarmed Combat
  4079 | D:4      | Found a staircase to the Ecumenical Temple.
  4089 | Temple   | Entered the Ecumenical Temple
  4321 | D:4      | Noticed Natasha
  4329 | D:4      | Noticed Dowan
  4338 | D:4      | Killed Natasha
  4425 | D:4      | Noticed Duvessa
  4448 | D:4      | Reached XP level 7. HP: 41/48 MP: 8/10
  4560 | D:4      | Noticed Ijyb
  4625 | D:4      | Reached skill level 6 in Unarmed Combat
  5219 | D:4      | Noticed Natasha
  5231 | D:4      | Killed Natasha
  5422 | D:5      | Entered Level 5 of the Dungeon
  5865 | D:5      | Found a sacrificial altar of Ru.
  6745 | D:5      | Found a stormy altar of Qazlal.
  6763 | D:5      | Noticed Pikel
  6775 | D:5      | Killed Pikel
  6776 | D:5      | Reached skill level 5 in Fighting
  6776 | D:5      | Reached skill level 7 in Unarmed Combat
  6776 | D:5      | Reached XP level 8. HP: 56/56 MP: 9/11
  7279 | D:5      | Slain by an ice beast

Illustrated notes

Levels and vault maps discovered:
D:1:      matt_arrival_diagonals, layout_basic, item_on_display_a
D:2:      layout_loops_ring, uniq_sigmund
D:3:      layout_rooms, nicolae_overflow_hidden_temple
D:4:      layout_basic, temple_fountains, serial_undead, serial_undead_e,
          serial_undead_c, serial_undead_c, serial_undead_e, uniq_ijyb,
          uniq_natasha, uniq_duvessa
D:5:      layout_loops_corners, nicolae_overflow_crystal_walls,
          lemuel_doored_altar, uniq_pikel
Temple:   regret_index_temple_sphere_string

Skill      XL: |  1  2  3  4  5  6  7 |
---------------+----------------------+-----
Stealth        | 2 3 4 |  4.0
Fighting       | 2 3 4 5 |  5.6
Unarmed Combat | 4 5 7 |  7.2
Dodging        | 4 |  4.3
Spellcasting   | |  2.0
Transmutations | |  2.0

Action                   |  1- 3 |  4- 6 |  7- 9 || total
-------------------------+-------+-------+-------++-------
Melee: Unarmed           |    58 |   188 |    86 ||   332
       Constrict         |    21 |    52 |    13 ||    86
       Tentacles         |    11 |    38 |    17 ||    66
       Kick              |     2 |    33 |    21 ||    56
       Punch             |     1 |     4 |     2 ||     7
Throw: Stone             |     1 |       |       ||     1
       Javelin           |     3 |     4 |     2 ||     9
 Cast: Beastly Appendage |     4 |    25 |    13 ||    42
       Wereblood         |     1 |     9 |     2 ||    12
 Abil: Evoke Flight      |     1 |       |       ||     1
  Use: Scroll            |       |     4 |     2 ||     6
       Potion            |       |       |     1 ||     1
 Stab: Sleeping          |    10 |    10 |     4 ||    24
Armor: Skin              |     9 |     5 |     5 ||    19
Dodge: Dodged            |    44 |   108 |    46 ||   198

Table legend: (Time is in decaauts)
 A = Elapsed time spent in this place.
 B = Non-inter-level travel time spent in this place.
 C = Inter-level travel time spent in this place.
 D = Time resting spent in this place.
 E = Time spent auto-exploring this place.
 F = Levels seen in this place.
 G = Mean time per level.
                   A        B        C        D        E       F      G
               +--------+--------+--------+--------+--------+-----+--------+
         Total |   7257 |   6906 |    351 |   1976 |   3765 |   6 | 1209.5 |
       Dungeon |   7096 |   6753 |    343 |   1976 |   3612 |   5 | 1419.2 |
        Temple |    161 |    153 |      8 |      0 |    153 |   1 |  161.0 |
               +--------+--------+--------+--------+--------+-----+--------+

Top non-repeatable levels by time:
     D:5: 1851 daAuts
     D:4: 1773 daAuts
     D:1: 1275 daAuts
     D:2: 1204 daAuts
     D:3: 991 daAuts
  Temple: 161 daAuts
